 Dungeon Sprint DCSS version 0.20.1-1-g8b1a95d (webtiles) character file.

54 groucho the Covert (level 3, -2/15 HPs)
             Began as a Felid Transmuter on Dec 9, 2017.
             Was a Follower of Uskayaw.
             Slain by a hornet (3 damage)
             ... while paralysed by a hornet
             ... in the Dungeon (Sprint IX: "|||||||||||||||||||||||||||||").
             The game lasted 00:01:18 (547 turns).

groucho the Covert (Felid Transmuter)                Turns: 547, Time: 00:01:20

Health: -2/15      AC:  3    Str: 10    XL:     3   Next: 66%
Magic:  7/7        EV:  4    Int: 14    God:    Uskayaw [*.....]
Gold:   0          SH:  0    Dex: 16    Spells: 5/6 levels left
                                        Lives:  0   Deaths: 1

rFire    . . .     SeeInvis +     - Unarmed
rCold    . . .     Gourm    .   (shield unavailable)
rNeg     . . .     Faith    .   (armour unavailable)
rPois    .         Spirit   .   (helmet unavailable)
rElec    .         Reflect  .   (cloak unavailable)
rCorr    .         Harm     .   (gloves unavailable)
MR       .....     NoTele   +   (boots unavailable)
Stlth    +++++.....             (no amulet)
Regen    0.1/turn               m - +2 ring of protection
MPRegen  0.1/turn               n - +3 ring of strength

@: paralysed, lethally poisoned (-2 -> -24), slowed, quick
A: no armour, no weapons or thrown items, stealth, claws 1, fangs 3, see
invisible, carnivore 3, speed 1, shaggy fur 1, slow metabolism 1, sharp paws
a: Stomp, Renounce Religion


You were in the Dungeon.
You worshipped Uskayaw.
Uskayaw was noncommittal.
You were not hungry.

You visited 1 branch

Inventory:

Missiles
 a - 12 arrows
Jewellery
 m - a +2 ring of protection (left paw)
 n - a +3 ring of strength (right paw)
Wands
 l - a wand of iceblast (7/15)
Scrolls
 i - 2 scrolls of blinking
 j - 3 scrolls of remove curse
 k - 2 scrolls of amnesia
Potions
 e - 3 potions of heal wounds
 f - 4 potions of curing
 g - 4 potions of magic
 h - a potion of berserk rage
Books
 b - a book of Changes

   Spells                             Type                      Level
   a - Beastly Appendage              Transmutation                1
   b - Sticks to Snakes               Transmutation                2
   c - Spider Form                    Transmutation/Poison         3
   d - Ice Form                       Ice/Transmutation            4
   e - Blade Hands                    Transmutation                5
Comestibles
 c - a meat ration


   Skills:
 - Level 1.0 Fighting
 - Level 2.6 Dodging
 + Level 11.0 Stealth
 - Level 3.0 Unarmed Combat
 - Level 2.0 Spellcasting
 - Level 2.1 Transmutations
 + Level 4.7 Invocations


You had 5 spell levels left.
You knew the following spells:

 Your Spells              Type           Power        Failure   Level  Hunger
a - Beastly Appendage     Tmut           #.....       10%         1    ##.....


Dungeon Overview and Level Annotations

Branches:
Dungeon (1/1)

Altars:
Cheibriados
Dithmenos
Elyvilon
Fedhas
Gozag
Hepliaklqana
Kikubaaqudgha
Makhleb
Nemelex Xobeh
Okawaru
Qazlal
Ru
Sif Muna
Trog
Uskayaw
Vehumet
Xom
Yredelemnul
Zin
The Shining One
Beogh
Jiyva
Lugonu


Innate Abilities, Weirdness & Mutations

You cannot wear armour.
You are incapable of wielding weapons or throwing items.
Your paws allow you to move quietly. (Stealth)
You have sharp claws.
You have razor-sharp teeth.
You have supernaturally acute eyesight. (SInv)
You are carnivorous and can eat meat at any time.
You cover ground quickly.
You are covered in fur. (AC +1)
You have a slow metabolism.
Your sharp claws are effective at attacking unaware monsters.


Message History

A hippogriff, a hornet, 2 centaurs, an ogre and a skeleton come into view.
The centaur warrior shouts!
Unknown command.
The hornet buzzes angrily.
The hornet stings you!
Ouch! That really hurt!
You feel yourself slow down.
The centaur shouts!
The hippogriff screeches!
The ogre shouts!
There is an open door, spattered with blood here.
Unknown command.
You closely miss the hornet. The hornet stings you.
You are lethally poisoned!
You suddenly lose the ability to move!
* * * LOW HITPOINT WARNING * * *
You feel sick. The hornet stings you.
* * * LOW HITPOINT WARNING * * *
You are more poisoned.
You feel as though you will be slow longer.
The hornet stings you.
You die...

▓.▓.▓
▓+▓.▓
▓Z▓.▓
▓O▓.▓
▓c▓.▓
▓H▓.▓
▓c▓.▓
▓y▓.▓
▓@▓.▓
▓.▓.▓
▓...▓
▓▓▓▓▓


You could see a centaur warrior, a hippogriff, a hornet, an ogre, a centaur and
a leopard gecko skeleton (wandering).

Vanquished Creatures
  An ogre (D)
  A gnoll (D)
  An adder (D)
  An adder skeleton (D)
  An orc (D)
  2 giant cockroaches (D)
  A goblin (D)
  A jackal (D)
  2 kobolds (D)
  A rat (D)
12 creatures vanquished.

Notes
Turn   | Place    | Note
-------+----------+-------------------------------------------
     0 | D        | groucho the Felid Transmuter began the quest for the Orb.
     0 | D        | Reached XP level 1. HP: 9/9 MP: 4/4
     5 | D        | Reached skill level 2 in Stealth
     6 | D        | Reached skill level 3 in Stealth
     8 | D        | Reached skill level 4 in Stealth
    15 | D        | Reached skill level 5 in Stealth
   311 | D        | Reached skill level 6 in Stealth
   311 | D        | Reached XP level 2. HP: 12/12 MP: 6/6
   313 | D        | Reached skill level 7 in Stealth
   330 | D        | Reached skill level 8 in Stealth
   330 | D        | Reached XP level 3. HP: 10/15 MP: 7/7
   469 | D        | Found a roughly hewn altar of Beogh.
   469 | D        | Found a snail-covered altar of Cheibriados.
   469 | D        | Found a shadowy altar of Dithmenos.
   469 | D        | Found a white marble altar of Elyvilon.
   469 | D        | Found a blossoming altar of Fedhas.
   469 | D        | Found an opulent altar of Gozag.
   470 | D        | Found a hazy altar of Hepliaklqana.
   471 | D        | Found a viscous altar of Jiyva.
   472 | D        | Found an ancient bone altar of Kikubaaqudgha.
   473 | D        | Found a corrupted altar of Lugonu.
   474 | D        | Found a burning altar of Makhleb.
   475 | D        | Found a sparkling altar of Nemelex Xobeh.
   476 | D        | Found an iron altar of Okawaru.
   477 | D        | Found a stormy altar of Qazlal.
   478 | D        | Found a sacrificial altar of Ru.
   479 | D        | Found a deep blue altar of Sif Muna.
   480 | D        | Found a bloodstained altar of Trog.
   481 | D        | Found a hide-covered altar of Uskayaw.
   482 | D        | Found a radiant altar of Vehumet.
   484 | D        | Found a shimmering altar of Xom.
   485 | D        | Found a basalt altar of Yredelemnul.
   486 | D        | Found a glowing silver altar of Zin.
   487 | D        | Found a glowing golden altar of the Shining One.
   489 | D        | Became a worshipper of Uskayaw the Reveler
   515 | D        | Noticed an ogre
   515 | D        | Noticed an unseen horror
   515 | D        | Noticed a two-headed ogre
   517 | D        | Killed an ogre
   517 | D        | Reached skill level 11 in Stealth
   517 | D        | Reached XP level 4. HP: 19/19 MP: 8/8
   517 | D        | Reached * piety under Uskayaw
   523 | D        | Slain by an unseen horror
   523 | D        | Reached ** piety under Uskayaw
   524 | D        | Reached XP level 3. HP: -1/15 MP: 7/7
   544 | D        | Noticed an ogre
   544 | D        | Noticed a centaur warrior
   544 | D        | Noticed a hippogriff
   544 | D        | Noticed a centaur
   544 | D        | Noticed a hornet
   546 | D        | Paralysed by a hornet for 3 turns
   547 | D        | Slain by a hornet

Skill      XL: |  1  2  3 |
---------------+----------+-----
Stealth        | 6 8 11 | 11.0
Invocations    | 4 |  4.7
Fighting       | |  1.0
Dodging        | |  2.6
Unarmed Combat | |  3.0
Spellcasting   | |  2.0
Transmutations | |  2.1

Action                   |  1- 3 |  4- 6 || total
-------------------------+-------+-------++-------
Melee: Unarmed           |    30 |     6 ||    36
       Punch             |     1 |       ||     1
       Bite              |     1 |       ||     1
  Use: Potion            |     3 |       ||     3
 Stab: Sleeping          |     3 |       ||     3
       Invisible         |       |     1 ||     1
Armor: Skin              |     1 |       ||     1
Dodge: Dodged            |    11 |     7 ||    18
